 Dungeon Crawl Stone Soup version 0.18.1-1-g2f07953 (webtiles) character file.

212 Chiseanne the Skirmisher (level 5, 0/57 HPs)
             Began as an Ogre Air Elementalist on May 7, 2016.
             Was an Initiate of Gozag.
             Slain by an orc
             ... wielding a +0 hand axe
              (2 damage)
             ... on level 4 of the Dungeon.
             The game lasted 00:06:04 (3798 turns).

Chiseanne the Skirmisher (Ogre Air Elementalist)    Turns: 3798, Time: 00:06:05

Health: 0/57       AC:  3    Str: 13    XL:     5   Next: 90%
Magic:  0/8        EV: 10    Int: 14    God:    Gozag
Gold:   115        SH:  0    Dex: 11    Spells: 2 memorised, 5 levels left

rFire  . . .     SeeInvis .     a - +2 flail (crush)
rCold  . . .     Gourm    .     r - +0 robe
rNeg   . . .     Faith    .     (no shield)
rPois  .         Spirit   .     (helmet restricted)
rElec  .         Dismiss  .     (no cloak)
rCorr  .         Reflect  .     (gloves unavailable)
SustAt .         Harm     .     (boots unavailable)
MR     .....                    (no amulet)
Stlth  +.........               (no ring)
                                (no ring)

@: very slightly contaminated, not resistant to hostile enchantments, very
unstealthy
A: unfitting armour, tough skin 1
a: Potion Petition, Call Merchant, Bribe Branch, Renounce Religion


You were on level 4 of the Dungeon.
You worshipped Gozag.
Gozag was noncommittal.
You were hungry.

You visited 2 branches of the dungeon, and saw 5 of its levels.

You collected 167 gold pieces.
You paid 52 gold pieces to Gozag.

Inventory:

Hand Weapons
 a - a +2 flail of crushing (weapon)
Missiles
 e - 133 stones (quivered)
 k - 4 javelins
 l - 4 tomahawks
 n - 14 bolts
 p - 50 arrows
 w - a throwing net
Armour
 r - a +0 robe (worn)
Jewellery
 v - an uncursed ring of fire
Wands
 m - a wand of paralysis (21/24)
Scrolls
 d - a scroll of blinking {unknown}
 h - a scroll of identify
 o - 2 scrolls of remove curse
Potions
 f - a potion of curing
 g - a potion of ambrosia
 u - a potion of brilliance
Books
 b - a book of Air

   Spells                             Type                      Level
   a - Shock                          Conjuration/Air              1
   b - Swiftness                      Charms/Air                   2
   c - Repel Missiles                 Charms/Air                   2
   d - Static Discharge               Conjuration/Air              3
   e - Lightning Bolt                 Conjuration/Air              5
Comestibles
 c - 2 bread rations
 i - 2 meat rations
 j - a beef jerky
 s - 4 fruits


   Skills:
 * Level 5.0 Fighting
 * Level 4.8 Maces & Flails
 - Level 1.7 Dodging
 - Level 1.5 Stealth
 - Level 2.4 Spellcasting
 - Level 0.6 Conjurations
 - Level 2.1 Air Magic


You had 5 spell levels left.
You knew the following spells:

 Your Spells              Type           Power        Failure   Level  Hunger
a - Shock                 Conj/Air       #...         14%         1    #......
b - Repel Missiles        Chrm/Air       #.....       24%         2    ###....


Dungeon Overview and Level Annotations

Branches:
Dungeon (4/15)             Temple (1/1) D:4

Altars:
Ashenzari
Cheibriados
Fedhas
Gozag
Kikubaaqudgha
Nemelex Xobeh
Okawaru
Qazlal
Trog
Yredelemnul
Zin
The Shining One


Innate Abilities, Weirdness & Mutations

You are too large for most types of armour.
You have tough skin (AC +1).


Message History

You feel better.
The orc is no longer distracted by gold.
The orc wizard points at you and mumbles some strange words.
The magic dart hits you!
* * * LOW HITPOINT WARNING * * *
The orc barely misses you.
Casting: Shock
Confirm with . or Enter, or press ? or * to list all spells.
Aiming: Shock
Press: ? - help, Shift-Dir - straight line, f - orc wizard
Aim: an orc wizard, wielding a dagger of venom and wearing a robe (severely wounded, fast)
You miscast Shock.
You are very lightly contaminated with residual magic.
You smell something strange.
The orc wizard closely misses you. The orc wizard casts a spell at you.
The puff of flame hits you!
* * * LOW HITPOINT WARNING * * *
The orc hits you with a hand axe.
You die...
Your body crumbles into a pile of gold.

.............#
............#
...........#
..........#
.........# $
........#
#########$......#
#.......o@......#
#.......#o.......
$
#.......#........
#########........
.................
.................
.................
...............>#
................#


You could see an orc wizard and an orc.

Vanquished Creatures
  Blork the orc (D:4)
  A worker ant (D:4)
  5 adders (D:3)
  A worm (D:2)
  2 dart slugs
  A giant gecko (D:1)
  4 orcs
  7 giant cockroaches
  8 goblins
  7 hobgoblins
  4 jackals (D:2)
  A quokka (D:3)
  8 bats
  9 kobolds
  9 rats
68 creatures vanquished.

Notes
Turn   | Place    | Note
--------------------------------------------------------------
     0 | D:1      | Chiseanne the Ogre Air Elementalist began the quest for the Orb.
     0 | D:1      | Reached XP level 1. HP: 16/16 MP: 3/3
   448 | D:1      | Reached skill level 1 in Fighting
   451 | D:1      | Reached skill level 1 in Maces & Flails
   742 | D:1      | Reached XP level 2. HP: 23/27 MP: 5/5
   957 | D:1      | Reached skill level 2 in Fighting
  1340 | D:1      | Reached XP level 3. HP: 36/36 MP: 6/6
  2081 | D:2      | Reached skill level 3 in Fighting
  2386 | D:3      | Reached XP level 4. HP: 32/45 MP: 7/7
  2679 | D:3      | Learned a level 2 spell: Repel Missiles
  3179 | D:3      | Reached skill level 4 in Fighting
  3240 | D:3      | Reached XP level 5. HP: 47/54 MP: 8/8
  3397 | D:4      | Noticed Blork the orc
  3402 | D:4      | Killed Blork the orc
  3426 | D:4      | Found a staircase to the Ecumenical Temple.
  3503 | Temple   | Entered the Ecumenical Temple
  3605 | Temple   | Became a worshipper of Gozag Ym Sagoz the Greedy
  3780 | D:4      | Reached skill level 5 in Fighting
  3798 | D:4      | HP: 2/57 [orc wizard/puff of flame (11)]
  3798 | D:4      | Slain by an orc

Skill      XL: |  1  2  3  4  5 |
---------------+----------------+-----
Fighting       | 1 2 3 4 5 |  5.0
Maces & Flails | 1 2 3 4 |  4.8
Dodging        | |  1.7
Stealth        | |  1.5
Spellcasting   | |  2.4
Conjurations   | |  0.6
Air Magic      | |  2.1

Action                   |  1- 3 |  4- 6 || total
-------------------------+-------+-------++-------
Melee: Whip              |    86 |       ||    86
       Unarmed           |    11 |       ||    11
       Mace              |    79 |     3 ||    82
       Flail             |       |    81 ||    81
Throw: Stone             |     4 |     3 ||     7
 Cast: Shock             |    11 |     8 ||    19
       Repel Missiles    |       |     1 ||     1
Evoke: Wand              |       |     1 ||     1
  Use: Scroll            |     6 |     3 ||     9
       Potion            |       |     3 ||     3
 Stab: Sleeping          |     2 |       ||     2
       Distracted        |     1 |       ||     1
       Paralysed         |       |     4 ||     4
  Eat: Chunk             |     4 |     5 ||     9
Armor: Robe              |    63 |    23 ||    86
Dodge: Dodged            |   108 |    55 ||   163
       Deflected         |       |     2 ||     2
